Blue Jackets vs Stars
Created - 6 janvier 2015 at 22:44
Goals
|
| Blue Jackets |
2 |
1 |
1 |
4 |
| Stars |
6 |
2 |
1 |
9 |
|
Shots
|
| Blue Jackets |
11 |
9 |
7 |
27 |
| Stars |
21 |
7 |
6 |
34 |
|
1st period
1. Blue Jackets , Marcus Nilson 18 (Blake Wheeler, Chris Kelly) at 2:51 (PP)
2. Stars , John Tavares 10 (Pavel Kubina, Evgeny Artyukhin) at 6:49
3. Stars , Henrik Sedin 22 (Alexei Morozov, Shane Doan) at 8:39
4. Stars , Henrik Sedin 23 (Kurtis Foster) at 8:57
5. Stars , Daniel Sedin 15 (Alexei Morozov, Tomas Plekanec) at 9:51 (PP)
6. Stars , John Tavares 11 (Milan Michalek) at 11:02
7. Stars , Éric Belanger 4 (Kurtis Foster, Shane Doan) at 16:58
8. Blue Jackets , Blake Wheeler 10 (Jeff Taffe) at 19:00 (SH)
Penalties :
Jan Bulis (Clb) for Hooking (Minor) at 0:32, Jan Hlavac (Dal) for High sticking (Minor) at 2:38, Marc Savard (Clb) for Interference (Minor) at 9:47, Shane Doan (Dal) for Interference (Minor) at 13:11, Pavel Bure (Clb) for Hooking (Minor) at 18:02
2nd period
9. Blue Jackets , Chris Kelly 15 (Marcus Nilson, Adam Deadmarsh) at 2:49
10. Stars , Alexei Morozov 20 (Henrik Sedin) at 5:20
11. Stars , Éric Belanger 5 (Bryan Berard) at 5:52
Penalties :
Kurtis Foster (Dal) for Interference (Minor) at 7:29, Chris Kelly (Clb) for Hooking (Minor) at 8:54, Kevin Bieksa (Clb) for Tripping (Minor) at 13:35, Bryan Berard (Dal) for Fighting (Major) at 18:39, Adam Deadmarsh (Clb) for Fighting (Major) at 18:39, Tomas Plekanec (Dal) for Cross-checking (Minor) at 19:25
3rd period
12. Stars , Daniel Cleary 7 (Brendan Bell, Jan Hlavac) at 13:31
13. Blue Jackets , Blake Wheeler 11 (Marcus Nilson) at 17:23 (PP)
Penalties :
Chris Kelly (Clb) for Cross-checking (Minor) at 1:01, Marc Savard (Clb) for Tripping (Minor) at 5:21, Evgeny Artyukhin (Dal) for Boarding (Minor) at 14:26, Tomas Plekanec (Dal) for Tripping (Minor) at 16:50, Daniel Sedin (Dal) for Roughing (Minor) at 17:38
Goalie Stats
Mathieu Garon (Clb), 8 saves from 12 shots - (0,667), L, 4-5-1, 16:01 minutes
Rick DiPietro (Clb), 17 saves from 22 shots - (0,773), 43:59 minutes
Pascal Leclaire (Dal), 23 saves from 27 shots - (0,852), W, 15-14-2, 60:00 minutes
Players Stats for Blue Jackets
Player Name G A P +/- PIM S H SB GA TA FO MP PP MP PK MP
------------------------------------------------------------------------------------
Adam Deadmarsh 0 1 1 -2 5 0 1 0 0 0 0/0 9:50 0:08 0:00
Blake Wheeler 2 1 3 -1 0 7 4 0 0 0 2/2 18:52 4:30 2:59
Brad Stuart 0 0 0 -1 0 0 1 0 0 0 0/0 10:57 0:00 0:01
Branislav Mezei 0 0 0 -4 0 4 0 2 1 0 0/0 28:00 5:26 6:01
Chris Kelly 1 1 2 -1 4 2 1 0 0 0 6/11 13:54 4:28 0:49
Dave Steckel 0 0 0 0 0 0 0 0 0 0 1/2 6:03 0:00 0:32
David Booth 0 0 0 -3 0 1 2 1 0 0 1/2 23:10 5:06 5:49
François Beauchemin 0 0 0 -1 0 2 1 2 0 1 0/0 21:09 4:18 5:00
Jan Bulis 0 0 0 -3 2 0 4 0 1 0 6/14 13:05 0:08 0:00
Jason Ward 0 0 0 0 0 1 1 0 0 0 0/0 5:21 0:00 0:00
Jeff Taffe 0 1 1 1 0 0 1 0 0 0 1/3 8:26 0:00 2:45
Kevin Bieksa 0 0 0 -1 2 0 0 0 0 0 0/0 20:18 4:18 4:05
Marc Savard 0 0 0 -3 4 4 0 1 1 0 14/32 22:12 5:06 4:49
Marcus Nilson 1 2 3 -1 0 2 2 0 0 0 0/0 14:45 4:30 1:53
Mike Commodore 0 0 0 -1 0 1 1 0 0 0 0/0 11:46 0:00 0:55
Pavel Bure 0 0 0 -3 2 0 2 0 0 0 1/1 19:00 5:06 2:26
Ramzi Abid 0 0 0 -3 0 2 1 1 0 0 0/0 13:12 0:08 0:00
Wade Redden 0 0 0 -4 0 1 1 4 1 0 0/0 27:54 5:26 6:00
Players Stats for Stars
Player Name G A P +/- PIM S H SB GA TA FO MP PP MP PK MP
------------------------------------------------------------------------------------
Alexei Morozov 1 2 3 2 0 5 1 1 0 1 3/4 19:10 5:41 0:00
Brendan Bell 0 1 1 3 0 1 0 0 0 0 0/0 12:56 0:54 0:21
Bryan Berard 0 1 1 2 5 0 1 0 0 0 0/0 18:37 4:08 3:31
Cory Murphy 0 0 0 2 0 0 1 0 0 0 0/0 14:11 0:00 5:59
Daniel Cleary 1 0 1 2 0 3 2 0 0 0 0/0 12:33 0:17 2:20
Daniel Sedin 1 0 1 2 2 2 0 0 0 0 5/6 21:04 5:41 1:57
Éric Belanger 2 0 2 2 0 4 2 0 1 0 0/1 12:31 0:00 2:20
Evgeny Artyukhin 0 1 1 1 2 1 0 0 0 0 1/1 7:13 0:00 0:00
Henrik Sedin 2 1 3 3 0 4 3 0 0 0 10/17 12:05 0:00 0:00
Jan Hlavac 0 1 1 1 2 0 1 0 0 1 0/0 13:15 0:17 4:52
John Tavares 2 0 2 1 0 5 0 0 0 0 5/10 14:57 5:03 2:23
Kurtis Foster 0 2 2 2 2 2 0 1 0 1 0/0 24:25 6:08 0:00
Marty Reasoner 0 0 0 1 0 0 0 0 0 0 2/8 13:08 0:00 5:01
Milan Michalek 0 1 1 1 0 3 3 0 0 1 1/1 13:09 5:03 0:35
Pavel Kubina 0 1 1 1 0 2 2 1 0 0 0/0 28:50 5:59 5:52
Randy Jones 0 0 0 2 0 0 1 0 0 0 0/0 21:00 4:54 3:45
Shane Doan 0 2 2 2 2 1 1 0 0 0 0/0 15:30 5:03 0:00
Tomas Plekanec 0 1 1 0 4 1 2 0 0 0 8/19 14:37 5:57 0:00
3 Stars
1 - Henrik Sedin (Dal)
2 - Blake Wheeler (Clb)
3 - Éric Belanger (Dal)
Power Play
Blue Jackets - 2 on 7 Attempt(s) - 28,57%
Stars - 1 on 7 Attempt(s) - 14,29%
Penalty Kill
Blue Jackets - 6 on 7 Attempt(s) - 85,71%
- Score 1 goal in Penalty Kill
Stars - 5 on 7 Attempt(s) - 71,43%
- Score 0 goal in Penalty Kill
Official
Referees : Pochmara Brian and Martell Rob
Linesman : Jay Sharrers and Shane Heyer
Game Notes
Mathieu Garon enters game at 9:51 of 1st period
Rick DiPietro enters game at 5:52 of 2nd period
Bryan Berard and Adam Deadmarsh fight to a draw at 18:39 of 2nd period
Finance
Level 1 -- Attendance: 5981 (99,68%) -- Ticket Income 502 404 $
Level 2 -- Attendance: 5000 (100,00%) -- Ticket Income 260 000 $
Level 3 -- Attendance: 2000 (100,00%) -- Ticket Income 60 000 $
Level 4 -- Attendance: 3689 (92,23%) -- Ticket Income 70 091 $
Luxury Box -- Attendance: 915 (91,50%) -- Ticket Income 154 635 $
Game was played at the American Airlines Center
Total Attendance: 17585 (97,69%)
Total Ticket Income: 1 047 130 $
Other Income: 157 070 $
Total Income: 1 204 200 $
Blue Jackets
5 vs 5 Forward
Center Left Wing Right Wing Time % Phy DF OF
1 Marc Savard David Booth Pavel Bure 40 1 2 2
2 Jan Bulis Ramzi Abid Blake Wheeler 30 1 2 2
3 Chris Kelly Marcus Nilson Adam Deadmarsh 20 1 2 2
4 Dave Steckel Jeff Taffe Jason Ward 10 1 2 2
5 vs 5 Defense
Defense Defense Time % Phy DF OF
1 Branislav Mezei Wade Redden 40 1 2 2
2 Kevin Bieksa François Beauchemin 30 1 2 2
3 Brad Stuart Mike Commodore 20 1 2 2
4 Branislav Mezei Wade Redden 10 1 2 2
PowerPlay Forward
Center Left Wing Right Wing Time % Phy DF OF
1 Marc Savard David Booth Pavel Bure 60 1 2 2
2 Chris Kelly Marcus Nilson Blake Wheeler 40 1 2 2
PowerPlay Defense
Defense Defense Time % Phy DF OF
1 Branislav Mezei Wade Redden 60 1 2 2
2 Kevin Bieksa François Beauchemin 40 1 2 2
Penalty Kill 4 Players Forward
Center Wing Time % Phy DF OF
1 Marc Savard David Booth 60 1 2 2
2 Pavel Bure Blake Wheeler 40 1 2 2
Penalty Kill 4 Players Defense
Defense Defense Time % Phy DF OF
1 Branislav Mezei Wade Redden 60 1 2 2
2 Kevin Bieksa François Beauchemin 40 1 2 2
Penalty Kill - 3 Players Forward
Forward Time % Phy DF OF
1 Marc Savard 60 1 2 2
2 David Booth 40 1 2 2
Penalty Kill - 3 Players Defense
Defense Defense Time % Phy DF OF
1 Branislav Mezei Wade Redden 60 1 2 2
2 Kevin Bieksa François Beauchemin 40 1 2 2
4 vs 4 Forward
Center Wing Time % Phy DF OF
1 Marc Savard David Booth 60 1 2 2
2 Pavel Bure Blake Wheeler 40 1 2 2
4 vs 4 Defense
Defense Defense Time % Phy DF OF
1 Branislav Mezei Wade Redden 60 1 2 2
2 Kevin Bieksa François Beauchemin 40 1 2 2
Last Minutes Offensive
Center Left Wing Right Wing Defense Defense
Marc Savard David Booth Pavel Bure Branislav Mezei Wade Redden
Last Minutes Defensive
Center Left Wing Right Wing Defense Defense
Marc Savard David Booth Pavel Bure Branislav Mezei Wade Redden
Goaltenders
Starting : Rick DiPietro
Backup : Mathieu Garon
Extra Forwards
Normal : Ramzi Abid, Jan Bulis, Jeff Taffe - PP : Ramzi Abid, Jan Bulis - PK : Jeff Taffe
Extra Defensemen
Normal : Brad Stuart, Mike Commodore, Kevin Bieksa - PP : Brad Stuart - PK : Mike Commodore, Kevin Bieksa
Penalty Shots
Marc Savard, David Booth, Pavel Bure, Blake Wheeler, Chris Kelly
Stars
5 vs 5 Forward
Center Left Wing Right Wing Time % Phy DF OF
1 Henrik Sedin Daniel Sedin Alexei Morozov 40 1 2 2
2 John Tavares Milan Michalek Evgeny Artyukhin 25 1 2 2
3 Tomas Plekanec Éric Belanger Shane Doan 25 1 2 2
4 Marty Reasoner Jan Hlavac Daniel Cleary 10 1 2 2
5 vs 5 Defense
Defense Defense Time % Phy DF OF
1 Pavel Kubina Kurtis Foster 40 1 2 2
2 Randy Jones Bryan Berard 30 1 2 2
3 Brendan Bell Cory Murphy 20 1 2 2
4 Pavel Kubina Kurtis Foster 10 1 2 2
PowerPlay Forward
Center Left Wing Right Wing Time % Phy DF OF
1 Tomas Plekanec Daniel Sedin Alexei Morozov 60 1 2 2
2 John Tavares Milan Michalek Shane Doan 40 1 2 2
PowerPlay Defense
Defense Defense Time % Phy DF OF
1 Pavel Kubina Kurtis Foster 60 1 2 2
2 Randy Jones Bryan Berard 40 1 2 2
Penalty Kill 4 Players Forward
Center Wing Time % Phy DF OF
1 Marty Reasoner Jan Hlavac 60 1 2 2
2 Éric Belanger Daniel Cleary 40 1 2 2
Penalty Kill 4 Players Defense
Defense Defense Time % Phy DF OF
1 Pavel Kubina Cory Murphy 60 1 2 2
2 Randy Jones Bryan Berard 40 1 2 2
Penalty Kill - 3 Players Forward
Forward Time % Phy DF OF
1 Marty Reasoner 60 1 2 2
2 Éric Belanger 40 1 2 2
Penalty Kill - 3 Players Defense
Defense Defense Time % Phy DF OF
1 Pavel Kubina Cory Murphy 60 1 2 2
2 Randy Jones Bryan Berard 40 1 2 2
4 vs 4 Forward
Center Wing Time % Phy DF OF
1 Alexei Morozov Daniel Sedin 60 1 2 2
2 Shane Doan Tomas Plekanec 40 1 2 2
4 vs 4 Defense
Defense Defense Time % Phy DF OF
1 Pavel Kubina Kurtis Foster 60 1 2 2
2 Randy Jones Bryan Berard 40 1 2 2
Last Minutes Offensive
Center Left Wing Right Wing Defense Defense
Henrik Sedin Daniel Sedin Alexei Morozov Pavel Kubina Kurtis Foster
Last Minutes Defensive
Center Left Wing Right Wing Defense Defense
Marty Reasoner Jan Hlavac Daniel Cleary Bryan Berard Randy Jones
Goaltenders
Starting : Pascal Leclaire
Backup : Patrick Lalime
Extra Forwards
Normal : Daniel Sedin, Alexei Morozov, Milan Michalek - PP : Alexei Morozov, Daniel Sedin - PK : Jan Hlavac
Extra Defensemen
Normal : Brendan Bell, Bryan Berard, Randy Jones - PP : Pavel Kubina - PK : Bryan Berard, Randy Jones
Penalty Shots
Alexei Morozov, Daniel Sedin, John Tavares, Milan Michalek, Shane Doan
% Time on Ice - Blue Jackets
Lines # - Real PCT - Wanted PCT - Time Play
Normal Forward
1 - 35% - 40% - 13:23
2 - 30% - 30% - 11:23
3 - 21% - 20% - 8:11
4 - 14% - 10% - 5:21
Normal Defense
1 - 38% - 40% - 14:23
2 - 31% - 30% - 11:56
3 - 28% - 20% - 10:51
4 - 3% - 10% - 1:08
PP Forward
1 - 54% - 60% - 5:14
2 - 46% - 40% - 4:30
PP Defense
1 - 56% - 60% - 5:26
2 - 44% - 40% - 4:18
PK Forward
1 - 73% - 60% - 8:02
2 - 27% - 40% - 2:59
PK Defense
1 - 54% - 60% - 6:00
2 - 46% - 40% - 5:01
PK3 Forward
1 - 0% - 60%
2 - 0% - 40%
PK3 Defense
1 - 0% - 60%
2 - 0% - 40%
44 Forward
1 - 100% - 60% - 0:57
2 - 0% - 40% - 0:00
44 Defense
1 - 100% - 60% - 0:57
2 - 0% - 40% - 0:00
Last Minute Offensive - 0:00
Last Minute Defensive - 0:00
Total
Forward - 60:00
Defense - 60:00
|
% Time on Ice - Stars
Lines # - Real PCT - Wanted PCT - Time Play
Normal Forward
1 - 33% - 40% - 12:30
2 - 25% - 25% - 9:24
3 - 22% - 25% - 8:18
4 - 21% - 10% - 8:06
Normal Defense
1 - 41% - 40% - 15:51
2 - 32% - 30% - 12:11
3 - 21% - 20% - 8:09
4 - 6% - 10% - 2:07
PP Forward
1 - 54% - 60% - 5:58
2 - 46% - 40% - 5:03
PP Defense
1 - 56% - 60% - 6:07
2 - 44% - 40% - 4:54
PK Forward
1 - 76% - 60% - 7:24
2 - 24% - 40% - 2:20
PK Defense
1 - 61% - 60% - 5:59
2 - 39% - 40% - 3:45
PK3 Forward
1 - 0% - 60%
2 - 0% - 40%
PK3 Defense
1 - 0% - 60%
2 - 0% - 40%
44 Forward
1 - 100% - 60% - 0:57
2 - 0% - 40% - 0:00
44 Defense
1 - 82% - 60% - 0:47
2 - 18% - 40% - 0:10
Last Minute Offensive - 0:00
Last Minute Defensive - 0:00
Total
Forward - 60:00
Defense - 60:00
|
Play by Play
1st period
0:01 of 1st period - Marc Savard wins face-off versus Henrik Sedin in neutral zone.
0:30 of 1st period - Wrist shot by Milan Michalek.
0:30 of 1st period - Stopped by Rick DiPietro with a rebound.
0:32 of 1st period - Minor Penalty to Jan Bulis for Hooking.
0:33 of 1st period - Marc Savard wins face-off versus Tomas Plekanec in Blue Jackets zone.
0:58 of 1st period - Branislav Mezei is hit by Milan Michalek.
1:29 of 1st period - David Booth is hit by Milan Michalek.
2:32 of 1st period - Penalty to Jan Bulis is over, Jan Bulis is back on ice.
2:38 of 1st period - Minor Penalty to Jan Hlavac for High sticking.
2:39 of 1st period - Chris Kelly wins face-off versus Daniel Sedin in Stars zone.
2:51 of 1st period - Wrist shot by Marcus Nilson.
2:51 of 1st period - Goal by Marcus Nilson - Blue Jackets : 1 - Stars : 0.
2:52 of 1st period - Tomas Plekanec wins face-off versus Jan Bulis in neutral zone.
3:24 of 1st period - Snap shot by Marc Savard.
3:24 of 1st period - Stopped by Pascal Leclaire without a rebound.
3:25 of 1st period - Pavel Bure wins face-off versus Henrik Sedin in Stars zone.
3:26 of 1st period - Wrist shot by Marc Savard.
3:26 of 1st period - Stopped by Pascal Leclaire with a rebound.
3:36 of 1st period - David Booth is hit by Pavel Kubina and loses puck.
4:01 of 1st period - Snap shot by Milan Michalek.
4:01 of 1st period - Stopped by Rick DiPietro without a rebound.
4:02 of 1st period - Jan Bulis wins face-off versus Henrik Sedin in Blue Jackets zone.
4:11 of 1st period - Wrist shot by Blake Wheeler.
4:11 of 1st period - Shot Misses the Net.
4:27 of 1st period - Tomas Plekanec is hit by David Booth and loses puck.
5:38 of 1st period - Wrist shot by Ramzi Abid.
5:38 of 1st period - Stopped by Pascal Leclaire without a rebound.
5:39 of 1st period - Marc Savard wins face-off versus Tomas Plekanec in Stars zone.
6:06 of 1st period - Wrist shot by Blake Wheeler.
6:06 of 1st period - Stopped by Pascal Leclaire with a rebound.
6:08 of 1st period - Wrist shot by Kevin Bieksa.
6:08 of 1st period - Shot Misses the Net.
6:10 of 1st period - Slapshot by François Beauchemin.
6:10 of 1st period - Stopped by Pascal Leclaire without a rebound.
6:11 of 1st period - Henrik Sedin wins face-off versus Marc Savard in Stars zone.
6:27 of 1st period - Snap shot by Alexei Morozov.
6:27 of 1st period - Stopped by Rick DiPietro without a rebound.
6:28 of 1st period - Milan Michalek wins face-off versus Chris Kelly in Blue Jackets zone.
6:35 of 1st period - Wrist shot by John Tavares.
6:35 of 1st period - Deflect By Wade Redden.
6:35 of 1st period - Stopped by Rick DiPietro without a rebound.
6:36 of 1st period - John Tavares wins face-off versus Chris Kelly in Blue Jackets zone.
6:37 of 1st period - Slapshot by Milan Michalek.
6:37 of 1st period - Shot Blocked by Wade Redden.
6:49 of 1st period - Wrist shot by John Tavares.
6:49 of 1st period - Goal by John Tavares - Blue Jackets : 1 - Stars : 1.
6:50 of 1st period - Daniel Sedin wins face-off versus Marc Savard in neutral zone.
7:23 of 1st period - Slapshot by Pavel Kubina.
7:23 of 1st period - Shot Blocked by Wade Redden.
7:25 of 1st period - Slapshot by Shane Doan.
7:25 of 1st period - Stopped by Rick DiPietro without a rebound.
7:26 of 1st period - Chris Kelly wins face-off versus John Tavares in Blue Jackets zone.
7:58 of 1st period - Wrist shot by Henrik Sedin.
7:58 of 1st period - Stopped by Rick DiPietro without a rebound.
7:59 of 1st period - Jan Bulis wins face-off versus Tomas Plekanec in Blue Jackets zone.
8:13 of 1st period - Brendan Bell is hit by Jan Bulis and loses puck.
8:37 of 1st period - Wrist shot by Alexei Morozov.
8:37 of 1st period - Shot Misses the Net.
8:39 of 1st period - Snap shot by Henrik Sedin.
8:39 of 1st period - Goal by Henrik Sedin - Blue Jackets : 1 - Stars : 2.
8:40 of 1st period - John Tavares wins face-off versus Marc Savard in neutral zone.
8:49 of 1st period - Wrist shot by Milan Michalek.
8:49 of 1st period - Shot Misses the Net.
8:51 of 1st period - Slapshot by Kurtis Foster.
8:51 of 1st period - Stopped by Rick DiPietro without a rebound.
8:52 of 1st period - Jan Bulis wins face-off versus Henrik Sedin in Blue Jackets zone.
8:57 of 1st period - Snap shot by Henrik Sedin.
8:57 of 1st period - Goal by Henrik Sedin - Blue Jackets : 1 - Stars : 3.
8:58 of 1st period - Jan Bulis wins face-off versus Henrik Sedin in neutral zone.
9:03 of 1st period - Snap shot by Jan Bulis.
9:03 of 1st period - Shot Misses the Net.
9:05 of 1st period - Slapshot by Branislav Mezei.
9:05 of 1st period - Stopped by Pascal Leclaire without a rebound.
9:06 of 1st period - Henrik Sedin wins face-off versus Jan Bulis in Stars zone.
9:16 of 1st period - Pavel Kubina is hit by Blake Wheeler and loses puck.
9:21 of 1st period - Wrist shot by Blake Wheeler.
9:21 of 1st period - Deflect By Kurtis Foster.
9:21 of 1st period - Stopped by Pascal Leclaire with a rebound.
9:37 of 1st period - Snap shot by John Tavares.
9:37 of 1st period - Stopped by Rick DiPietro with a rebound.
9:39 of 1st period - Slapshot by Kurtis Foster.
9:39 of 1st period - Stopped by Rick DiPietro with a rebound.
9:41 of 1st period - Slapshot by Kurtis Foster.
9:41 of 1st period - Shot Blocked by David Booth.
9:47 of 1st period - Minor Penalty to Marc Savard for Interference.
9:48 of 1st period - Tomas Plekanec wins face-off versus Jeff Taffe in Blue Jackets zone.
9:49 of 1st period - Wrist shot by Alexei Morozov.
9:49 of 1st period - Stopped by Rick DiPietro with a rebound.
9:51 of 1st period - Snap shot by Daniel Sedin.
9:51 of 1st period - Goal by Daniel Sedin - Blue Jackets : 1 - Stars : 4.
9:51 of 1st period - Mathieu Garon enters game.
9:52 of 1st period - Chris Kelly wins face-off versus Tomas Plekanec in neutral zone.
10:01 of 1st period - Slapshot by Adam Deadmarsh.
10:01 of 1st period - Shot Misses the Net.
10:22 of 1st period - Snap shot by Alexei Morozov.
10:22 of 1st period - Shot Misses the Net.
10:24 of 1st period - Snap shot by Daniel Sedin.
10:24 of 1st period - Shot Blocked by François Beauchemin.
10:50 of 1st period - Snap shot by Marty Reasoner.
10:50 of 1st period - Deflect By Jan Hlavac.
10:50 of 1st period - Shot Misses the Net.
10:50 of 1st period - Puck is out of play.
10:51 of 1st period - John Tavares wins face-off versus Marc Savard in Blue Jackets zone.
10:54 of 1st period - Slapshot by Milan Michalek.
10:54 of 1st period - Stopped by Mathieu Garon without a rebound.
10:55 of 1st period - John Tavares wins face-off versus Marc Savard in Blue Jackets zone.
11:02 of 1st period - Wrist shot by John Tavares.
11:02 of 1st period - Goal by John Tavares - Blue Jackets : 1 - Stars : 5.
11:03 of 1st period - Daniel Sedin wins face-off versus Marc Savard in neutral zone.
11:10 of 1st period - Snap shot by Henrik Sedin.
11:10 of 1st period - Stopped by Mathieu Garon without a rebound.
11:11 of 1st period - Daniel Sedin wins face-off versus Marc Savard in Blue Jackets zone.
12:40 of 1st period - Snap shot by Kurtis Foster.
12:40 of 1st period - Shot Blocked by François Beauchemin.
13:06 of 1st period - Snap shot by Blake Wheeler.
13:06 of 1st period - Stopped by Pascal Leclaire without a rebound.
13:07 of 1st period - Marc Savard wins face-off versus Éric Belanger in Stars zone.
13:11 of 1st period - Minor Penalty to Shane Doan for Interference.
13:12 of 1st period - Marc Savard wins face-off versus Marty Reasoner in Stars zone.
13:26 of 1st period - Snap shot by Branislav Mezei.
13:26 of 1st period - Stopped by Pascal Leclaire with a rebound.
14:06 of 1st period - Cory Murphy is hit by Chris Kelly and loses puck.
15:11 of 1st period - Penalty to Shane Doan is over, Shane Doan is back on ice.
15:26 of 1st period - Ramzi Abid is hit by Éric Belanger and loses puck.
15:31 of 1st period - Wrist shot by Éric Belanger.
15:31 of 1st period - Stopped by Mathieu Garon with a rebound.
15:37 of 1st period - Snap shot by Éric Belanger.
15:37 of 1st period - Stopped by Mathieu Garon with a rebound.
16:08 of 1st period - Éric Belanger is hit by Jan Bulis and loses puck.
16:58 of 1st period - Snap shot by Éric Belanger.
16:58 of 1st period - Goal by Éric Belanger - Blue Jackets : 1 - Stars : 6.
16:59 of 1st period - Henrik Sedin wins face-off versus Marc Savard in neutral zone.
17:09 of 1st period - Wrist shot by Alexei Morozov.
17:09 of 1st period - Stopped by Mathieu Garon without a rebound.
17:10 of 1st period - Henrik Sedin wins face-off versus Marc Savard in Blue Jackets zone.
18:02 of 1st period - Minor Penalty to Pavel Bure for Hooking.
18:03 of 1st period - Marc Savard wins face-off versus Tomas Plekanec in Blue Jackets zone.
18:12 of 1st period - Slapshot by Alexei Morozov.
18:12 of 1st period - Shot Misses the Net.
18:31 of 1st period - Off-side.
18:32 of 1st period - John Tavares wins face-off versus Marc Savard in neutral zone.
18:54 of 1st period - Off-side.
18:55 of 1st period - Jeff Taffe wins face-off versus Tomas Plekanec in neutral zone.
19:00 of 1st period - Slapshot by Blake Wheeler.
19:00 of 1st period - Goal by Blake Wheeler - Blue Jackets : 2 - Stars : 6.
19:01 of 1st period - Marc Savard wins face-off versus Tomas Plekanec in neutral zone.
19:20 of 1st period - Branislav Mezei is hit by Tomas Plekanec and loses puck.
Goals for this period are 2 for Blue Jackets vs 6 for Stars.
Shots for this period are 11 for Blue Jackets vs 21 for Stars.
2nd period
0:01 of 2nd period - Alexei Morozov wins face-off versus Marc Savard in neutral zone.
0:02 of 2nd period - Penalty to Pavel Bure is over, Pavel Bure is back on ice.
0:10 of 2nd period - Snap shot by Tomas Plekanec.
0:10 of 2nd period - Shot Blocked by Wade Redden.
0:26 of 2nd period - Marty Reasoner is hit by Blake Wheeler and loses puck.
0:49 of 2nd period - Slapshot by Pavel Kubina.
0:49 of 2nd period - Stopped by Mathieu Garon without a rebound.
0:50 of 2nd period - Evgeny Artyukhin wins face-off versus Chris Kelly in Blue Jackets zone.
0:57 of 2nd period - Slapshot by Marcus Nilson.
0:57 of 2nd period - Stopped by Pascal Leclaire without a rebound.
0:58 of 2nd period - Tomas Plekanec wins face-off versus Chris Kelly in Stars zone.
1:23 of 2nd period - Kevin Bieksa is hit by Henrik Sedin and loses puck.
1:48 of 2nd period - Snap shot by Marc Savard.
1:48 of 2nd period - Stopped by Pascal Leclaire with a rebound.
1:50 of 2nd period - Wrist shot by Marc Savard.
1:50 of 2nd period - Shot Misses the Net.
1:52 of 2nd period - Wrist shot by David Booth.
1:52 of 2nd period - Deflect By Pavel Kubina.
1:52 of 2nd period - Shot Misses the Net.
1:52 of 2nd period - Puck is out of play.
1:53 of 2nd period - Tomas Plekanec wins face-off versus Chris Kelly in Stars zone.
2:25 of 2nd period - Daniel Sedin is hit by Jan Bulis.
2:41 of 2nd period - Slapshot by Marc Savard.
2:41 of 2nd period - Shot Misses the Net.
2:43 of 2nd period - Wrist shot by Marc Savard.
2:43 of 2nd period - Stopped by Pascal Leclaire without a rebound.
2:44 of 2nd period - Chris Kelly wins face-off versus John Tavares in Stars zone.
2:49 of 2nd period - Snap shot by Chris Kelly.
2:49 of 2nd period - Goal by Chris Kelly - Blue Jackets : 3 - Stars : 6.
2:50 of 2nd period - Henrik Sedin wins face-off versus Jan Bulis in neutral zone.
2:59 of 2nd period - Wrist shot by Daniel Sedin.
2:59 of 2nd period - Shot Misses the Net.
3:01 of 2nd period - Slapshot by Alexei Morozov.
3:01 of 2nd period - Deflect By Daniel Sedin.
3:01 of 2nd period - Stopped by Mathieu Garon without a rebound.
3:02 of 2nd period - Tomas Plekanec wins face-off versus Jan Bulis in Blue Jackets zone.
3:58 of 2nd period - Icing by Marc Savard.
3:59 of 2nd period - Marc Savard wins face-off versus Tomas Plekanec in Blue Jackets zone.
4:26 of 2nd period - Snap shot by Ramzi Abid.
4:26 of 2nd period - Shot Blocked by Alexei Morozov.
4:28 of 2nd period - Wrist shot by Blake Wheeler.
4:28 of 2nd period - Shot Misses the Net.
4:30 of 2nd period - Slapshot by Ramzi Abid.
4:30 of 2nd period - Shot Misses the Net.
4:32 of 2nd period - Wrist shot by Jan Bulis.
4:32 of 2nd period - Shot Misses the Net.
4:50 of 2nd period - Slapshot by Branislav Mezei.
4:50 of 2nd period - Stopped by Pascal Leclaire with a rebound.
4:56 of 2nd period - Wrist shot by Chris Kelly.
4:56 of 2nd period - Shot Blocked by Kurtis Foster.
5:12 of 2nd period - Snap shot by Jan Hlavac.
5:12 of 2nd period - Shot Hit the Post.
5:14 of 2nd period - Snap shot by Daniel Cleary.
5:14 of 2nd period - Stopped by Mathieu Garon without a rebound.
5:15 of 2nd period - Henrik Sedin wins face-off versus Jan Bulis in Blue Jackets zone.
5:20 of 2nd period - Wrist shot by Alexei Morozov.
5:20 of 2nd period - Goal by Alexei Morozov - Blue Jackets : 3 - Stars : 7.
5:21 of 2nd period - Daniel Sedin wins face-off versus Jan Bulis in neutral zone.
5:26 of 2nd period - Jan Bulis is hit by Henrik Sedin and loses puck.
5:37 of 2nd period - Slapshot by Alexei Morozov.
5:37 of 2nd period - Shot Misses the Net.
5:52 of 2nd period - Snap shot by Éric Belanger.
5:52 of 2nd period - Goal by Éric Belanger - Blue Jackets : 3 - Stars : 8.
5:52 of 2nd period - Rick DiPietro enters game.
5:53 of 2nd period - Henrik Sedin wins face-off versus Jan Bulis in neutral zone.
5:56 of 2nd period - Wrist shot by Daniel Sedin.
5:56 of 2nd period - Shot Blocked by Ramzi Abid.
6:46 of 2nd period - Wrist shot by Marcus Nilson.
6:46 of 2nd period - Deflect By Chris Kelly.
6:46 of 2nd period - Stopped by Pascal Leclaire without a rebound.
6:47 of 2nd period - Henrik Sedin wins face-off versus Jan Bulis in Stars zone.
7:12 of 2nd period - David Booth is hit by Éric Belanger and loses puck.
7:23 of 2nd period - Wrist shot by David Booth.
7:23 of 2nd period - Stopped by Pascal Leclaire with a rebound.
7:29 of 2nd period - Minor Penalty to Kurtis Foster for Interference.
7:30 of 2nd period - Marty Reasoner wins face-off versus Marc Savard in Stars zone.
7:41 of 2nd period - Cory Murphy is hit by Pavel Bure and loses puck.
8:54 of 2nd period - Minor Penalty to Chris Kelly for Hooking.
8:55 of 2nd period - Alexei Morozov wins face-off versus Marc Savard in Blue Jackets zone.
9:29 of 2nd period - Penalty to Kurtis Foster is over, Kurtis Foster is back on ice.
9:40 of 2nd period - Wrist shot by Blake Wheeler.
9:40 of 2nd period - Stopped by Pascal Leclaire with a rebound.
10:54 of 2nd period - Penalty to Chris Kelly is over, Chris Kelly is back on ice.
12:19 of 2nd period - Marty Reasoner is hit by Marcus Nilson and loses puck.
13:11 of 2nd period - Kurtis Foster is hit by Jan Bulis and loses puck.
13:35 of 2nd period - Minor Penalty to Kevin Bieksa for Tripping.
13:36 of 2nd period - Tomas Plekanec wins face-off versus Marc Savard in Blue Jackets zone.
14:03 of 2nd period - David Booth is hit by Shane Doan and loses puck.
14:50 of 2nd period - Pavel Bure is hit by Milan Michalek and loses puck.
15:26 of 2nd period - Brendan Bell is hit by Jeff Taffe and loses puck.
15:35 of 2nd period - Penalty to Kevin Bieksa is over, Kevin Bieksa is back on ice.
16:03 of 2nd period - Evgeny Artyukhin is hit by Adam Deadmarsh and loses puck.
16:58 of 2nd period - Éric Belanger is hit by Brad Stuart.
17:04 of 2nd period - Shane Doan is hit by Marcus Nilson.
17:08 of 2nd period - Chris Kelly is hit by Tomas Plekanec and loses puck.
17:21 of 2nd period - Brad Stuart is hit by Randy Jones and loses puck.
17:31 of 2nd period - Off-side.
17:32 of 2nd period - Dave Steckel wins face-off versus Henrik Sedin in neutral zone.
17:35 of 2nd period - Slapshot by François Beauchemin.
17:35 of 2nd period - Shot Blocked by Pavel Kubina.
18:13 of 2nd period - Evgeny Artyukhin is hit by Blake Wheeler.
18:36 of 2nd period - Slapshot by Evgeny Artyukhin.
18:36 of 2nd period - Stopped by Rick DiPietro with a rebound.
18:38 of 2nd period - Backhand shot by Tomas Plekanec.
18:38 of 2nd period - Stopped by Rick DiPietro without a rebound.
18:39 of 2nd period - Chris Kelly wins face-off versus Tomas Plekanec in Blue Jackets zone.
18:39 of 2nd period - Bryan Berard and Adam Deadmarsh fight to a draw.
18:39 of 2nd period - Penalty to Bryan Berard for Fighting.
18:39 of 2nd period - Penalty to Adam Deadmarsh for Fighting.
18:40 of 2nd period - Henrik Sedin wins face-off versus Marc Savard in Blue Jackets zone.
19:06 of 2nd period - Brendan Bell is hit by Wade Redden and loses puck.
19:25 of 2nd period - Minor Penalty to Tomas Plekanec for Cross-checking.
19:26 of 2nd period - Marc Savard wins face-off versus Marty Reasoner in Stars zone.
19:53 of 2nd period - Backhand shot by Blake Wheeler.
19:53 of 2nd period - Stopped by Pascal Leclaire without a rebound.
19:54 of 2nd period - Chris Kelly wins face-off versus Marty Reasoner in Stars zone.
Goals for this period are 1 for Blue Jackets vs 2 for Stars.
Shots for this period are 9 for Blue Jackets vs 7 for Stars.
3rd period
0:01 of 3rd period - David Booth wins face-off versus Marty Reasoner in neutral zone.
0:04 of 3rd period - Slapshot by Wade Redden.
0:04 of 3rd period - Shot Misses the Net.
0:26 of 3rd period - Jan Hlavac is hit by Blake Wheeler.
1:01 of 3rd period - Minor Penalty to Chris Kelly for Cross-checking.
1:02 of 3rd period - Alexei Morozov wins face-off versus Marc Savard in Blue Jackets zone.
1:11 of 3rd period - Slapshot by Branislav Mezei.
1:11 of 3rd period - Stopped by Pascal Leclaire without a rebound.
1:12 of 3rd period - Marc Savard wins face-off versus Alexei Morozov in Stars zone.
1:15 of 3rd period - Slapshot by Marc Savard.
1:15 of 3rd period - Shot Misses the Net.
1:23 of 3rd period - Snap shot by Marc Savard.
1:23 of 3rd period - Shot Misses the Net.
1:25 of 3rd period - Penalty to Tomas Plekanec is over, Tomas Plekanec is back on ice.
1:25 of 3rd period - Snap shot by Wade Redden.
1:25 of 3rd period - Stopped by Pascal Leclaire without a rebound.
1:26 of 3rd period - Tomas Plekanec wins face-off versus Marc Savard in Stars zone.
2:02 of 3rd period - Wrist shot by Kurtis Foster.
2:02 of 3rd period - Shot Misses the Net.
3:01 of 3rd period - Penalty to Chris Kelly is over, Chris Kelly is back on ice.
3:43 of 3rd period - Mike Commodore is hit by Henrik Sedin and loses puck.
3:50 of 3rd period - Slapshot by Brad Stuart.
3:50 of 3rd period - Deflect By Ramzi Abid.
3:50 of 3rd period - Shot Hit the Post.
3:50 of 3rd period - Puck is out of play.
3:51 of 3rd period - Jan Bulis wins face-off versus Tomas Plekanec in Stars zone.
4:46 of 3rd period - Slapshot by Dave Steckel.
4:46 of 3rd period - Shot Misses the Net.
5:08 of 3rd period - Off-side.
5:09 of 3rd period - Marc Savard wins face-off versus Marty Reasoner in neutral zone.
5:14 of 3rd period - Snap shot by Daniel Cleary.
5:14 of 3rd period - Shot Blocked by Wade Redden.
5:21 of 3rd period - Minor Penalty to Marc Savard for Tripping.
5:22 of 3rd period - Daniel Sedin wins face-off versus Jeff Taffe in Blue Jackets zone.
5:22 of 3rd period - Snap shot by Alexei Morozov.
5:22 of 3rd period - Stopped by Rick DiPietro with a rebound.
5:24 of 3rd period - Backhand shot by Tomas Plekanec.
5:24 of 3rd period - Shot Misses the Net.
5:36 of 3rd period - Jeff Taffe is hit by Alexei Morozov and loses puck.
5:47 of 3rd period - Branislav Mezei is hit by Bryan Berard and loses puck.
7:21 of 3rd period - Penalty to Marc Savard is over, Marc Savard is back on ice.
7:36 of 3rd period - Slapshot by Jan Hlavac.
7:36 of 3rd period - Shot Hit the Post.
7:50 of 3rd period - Slapshot by Ramzi Abid.
7:50 of 3rd period - Stopped by Pascal Leclaire with a rebound.
8:53 of 3rd period - Ramzi Abid is hit by Jan Hlavac and loses puck.
9:51 of 3rd period - Bryan Berard is hit by David Booth and loses puck.
10:29 of 3rd period - Chris Kelly is hit by Daniel Cleary and loses puck.
11:25 of 3rd period - Cory Murphy is hit by François Beauchemin and loses puck.
11:47 of 3rd period - Adam Deadmarsh is hit by Daniel Cleary and loses puck.
13:09 of 3rd period - Slapshot by Pavel Kubina.
13:09 of 3rd period - Stopped by Rick DiPietro with a rebound.
13:27 of 3rd period - Snap shot by Daniel Cleary.
13:27 of 3rd period - Stopped by Rick DiPietro with a rebound.
13:29 of 3rd period - Slapshot by Brendan Bell.
13:29 of 3rd period - Stopped by Rick DiPietro with a rebound.
13:31 of 3rd period - Snap shot by Daniel Cleary.
13:31 of 3rd period - Goal by Daniel Cleary - Blue Jackets : 3 - Stars : 9.
13:32 of 3rd period - Marc Savard wins face-off versus Henrik Sedin in neutral zone.
13:43 of 3rd period - Snap shot by David Booth.
13:43 of 3rd period - Shot Misses the Net.
13:57 of 3rd period - Kurtis Foster is hit by Ramzi Abid and loses puck.
14:26 of 3rd period - Minor Penalty to Evgeny Artyukhin for Boarding.
14:27 of 3rd period - Marc Savard wins face-off versus John Tavares in Stars zone.
15:02 of 3rd period - Slapshot by François Beauchemin.
15:02 of 3rd period - Stopped by Pascal Leclaire without a rebound.
15:03 of 3rd period - Blake Wheeler wins face-off versus John Tavares in Stars zone.
15:48 of 3rd period - Slapshot by François Beauchemin.
15:48 of 3rd period - Shot Misses the Net.
16:26 of 3rd period - Penalty to Evgeny Artyukhin is over, Evgeny Artyukhin is back on ice.
16:36 of 3rd period - Brendan Bell is hit by Jason Ward and loses puck.
16:43 of 3rd period - Snap shot by Dave Steckel.
16:43 of 3rd period - Shot Misses the Net.
16:45 of 3rd period - Slapshot by Mike Commodore.
16:45 of 3rd period - Stopped by Pascal Leclaire without a rebound.
16:46 of 3rd period - Jan Bulis wins face-off versus Tomas Plekanec in Stars zone.
16:50 of 3rd period - Minor Penalty to Tomas Plekanec for Tripping.
16:51 of 3rd period - Marc Savard wins face-off versus Marty Reasoner in Stars zone.
17:23 of 3rd period - Wrist shot by Marcus Nilson.
17:23 of 3rd period - Deflect By Blake Wheeler.
17:23 of 3rd period - Goal by Blake Wheeler - Blue Jackets : 4 - Stars : 9.
17:24 of 3rd period - Henrik Sedin wins face-off versus Marc Savard in neutral zone.
17:27 of 3rd period - Snap shot by Henrik Sedin.
17:27 of 3rd period - Shot Blocked by Branislav Mezei.
17:29 of 3rd period - Backhand shot by Alexei Morozov.
17:29 of 3rd period - Shot Blocked by Branislav Mezei.
17:38 of 3rd period - Minor Penalty to Daniel Sedin for Roughing.
17:39 of 3rd period - Marty Reasoner wins face-off versus David Booth in Stars zone.
17:39 of 3rd period - Marty Reasoner is hit by Pavel Bure.
19:11 of 3rd period - Snap shot by John Tavares.
19:11 of 3rd period - Shot Blocked by Marc Savard.
19:15 of 3rd period - Slapshot by John Tavares.
19:15 of 3rd period - Stopped by Rick DiPietro without a rebound.
19:16 of 3rd period - Blake Wheeler wins face-off versus John Tavares in Blue Jackets zone.
19:21 of 3rd period - Chris Kelly is hit by Cory Murphy and loses puck.
19:28 of 3rd period - Branislav Mezei is hit by Pavel Kubina and loses puck.
19:38 of 3rd period - Penalty to Daniel Sedin is over, Daniel Sedin is back on ice.
19:53 of 3rd period - Wrist shot by Jason Ward.
19:53 of 3rd period - Stopped by Pascal Leclaire without a rebound.
19:54 of 3rd period - Tomas Plekanec wins face-off versus Dave Steckel in Stars zone.
19:54 of 3rd period - Randy Jones is hit by Mike Commodore and loses puck.
Goals for this period are 1 for Blue Jackets vs 1 for Stars.
Shots for this period are 7 for Blue Jackets vs 6 for Stars.
Output by the SimonT Hockey Simulator (STHS) for François Prévost -- Original Page W3C XHTML 1.0 Valid